 Dungeon Crawl Stone Soup version 0.20.1-1-g8b1a95d (webtiles) character file.

16097 Jazqa the Basher (level 12, -4/110 HPs)
             Began as a Minotaur Monk on Oct 29, 2017.
             Was the Champion of Cheibriados.
             Slain by Jazqa's ghost (26 damage)
             ... on level 2 of the Lair of Beasts.
             The game lasted 00:15:43 (9246 turns).

Jazqa the Basher (Minotaur Monk)                    Turns: 9246, Time: 00:15:44

Health: -4/110     AC: 14    Str: 33    XL:     12   Next: 7%
Magic:  16/17      EV: 19    Int: 24    God:    Cheibriados [******]
Gold:   771        SH:  8    Dex: 31    Spells: 11/11 levels left

rFire    . . .     SeeInvis .   v - +1 morningstar
rCold    . . .     Gourm    +   A - +1 buckler of the Merchant {rElec Int+2 Stlth+}
rNeg     . . .     Faith    .   q - +0 scale mail
rPois    .         Spirit   .   (helmet restricted)
rElec    +         Reflect  .   b - +0 cloak
rCorr    .         Harm     .   l - +2 pair of gloves
MR       .....                  f - +1 pair of boots
Stlth    +++.......             k - amulet of the gourmand
Regen    0.3/turn               (no ring)
MPRegen  0.2/turn               Q - ring of stealth

@: heavily drained, very slow
A: retaliatory headbutt, horns 2
a: Bend Time, Temporal Distortion, Slouch, Step From Time, Renounce Religion


You were on level 2 of the Lair of Beasts.
You worshipped Cheibriados.
Cheibriados was exalted by your worship.
You were not hungry.

You visited 2 branches of the dungeon, and saw 12 of its levels.

You collected 823 gold pieces.
You spent 52 gold pieces at shops.


Innate Abilities, Weirdness & Mutations

You reflexively headbutt those who attack you in melee.
You have a pair of horns on your head.


   Skills:
 + Level 11.2(8.7) Fighting
 + Level 11.5(9.0) Maces & Flails
 + Level 9.4(7.1) Armour
 + Level 10.5(8.1) Dodging
 - Level 1.5(0.0) Stealth
 - Level 4.5(2.4) Shields
 + Level 8.1(5.8) Invocations


You had 11 spell levels left.
You didn't know any spells.

Inventory:

Hand Weapons
 v - a +1 morningstar (weapon)
Armour
 b - a +0 cloak (worn)
 f - a +1 pair of boots (worn)
 l - a +2 pair of gloves (worn)
 q - a +0 scale mail (worn)
 A - the +1 buckler of the Merchant (worn) {rElec Int+2 Stlth+}
   (You found it on level 9 of the Dungeon)

   It affects your intelligence (+2).
   It insulates you from electricity.
   It makes you more stealthy.
Jewellery
 k - an amulet of the gourmand (around neck)
 C - an uncursed ring of ice
 F - an uncursed ring of fire
 Q - a ring of stealth (right hand)
Wands
 y - a wand of lightning (9/15)
 B - a wand of scattershot (4/9)
 D - a wand of lightning (7/15)
Scrolls
 m - 5 scrolls of remove curse {@r2}
 o - 4 scrolls of identify {@r1}
 p - a scroll of teleportation {@r4}
 z - 2 scrolls of immolation {!r}
 E - a scroll of recharging
 G - a scroll of amnesia
 I - a scroll of enchant weapon
Potions
 a - a potion of brilliance {unknown}
 e - 2 potions of cancellation
 h - 5 potions of mutation {!q}
 j - 6 potions of curing {@q1}
 r - 2 potions of invisibility {unknown}
 t - a potion of haste {unknown}
 u - a potion of lignification {unknown}
 w - 3 potions of flight {unknown}
Books
 d - a book of Misfortune

   Spells                             Type                      Level
   a - Confusing Touch                Hexes                        1
   b - Confuse                        Hexes                        3
   c - Gell's Gravitas                Translocation                3
   d - Petrify                        Transmutation/Earth          4
   e - Metabolic Englaciation         Hexes/Ice                    5
   f - Yara's Violent Unravelling     Hexes/Transmutation          5
 s - a book of Cantrips

   Spells                             Type                      Level
   a - Confusing Touch                Hexes                        1
   b - Animate Skeleton               Necromancy                   1
   c - Summon Small Mammal            Summoning                    1
   d - Apportation                    Translocation                1
 H - a book of the Earth

   Spells                             Type                      Level
   a - Leda's Liquefaction            Hexes/Earth                  4
   b - Bolt of Magma                  Conjuration/Fire/Earth       5
   c - Statue Form                    Transmutation/Earth          6
   d - Iron Shot                      Conjuration/Earth            6
   e - Shatter                        Earth                        9
Comestibles
 c - 12 bread rations {@e1}
 g - 6 fruits {@e2}
 i - 4 royal jellies {@e3}
 n - 3 meat rations {@e1}

Dungeon Overview and Level Annotations

Branches:
Dungeon (10/15)            Temple (0/1) D:7            Lair (2/6) D:10
    Orc (0/2) D:9
  Swamp: Lair:2-4    Shoals: Lair:2-4     Snake: Lair:2-4    Spider: Lair:2-4

Altars:
Ashenzari
Cheibriados
Dithmenos
Elyvilon
Fedhas
Gozag
Hepliaklqana
Kikubaaqudgha
Makhleb
Nemelex Xobeh
Qazlal
Sif Muna
Vehumet
Xom
Yredelemnul
The Shining One

Shops:
D:7 !   D:9 (%

Annotations:
D:9 exclusion: 2 oklob plants
Lair:2 Jazqa's ghost, journeyman HOMo; Rhok's ghost, journeyman DsGl

.......░.......░░
...............P░....
..P▓..░░.......░░... ...
▓.....░░.......░░..▒▒▒....
..▓...░░.......░░....P.....
.......░░.░░<.P░░..........
.......░P..P..░░░..........
...........................
..............W@.[........
..........................
.........................}
.....▒.▒P†.▒▒▒.....##....
.....P.▒▒...▒▒.....# ..#
.....P.......▒▒.....#.
....▒▒..?....▒.....t. ...
▒.......▒▒....PP. .
▒.......▒.....##..


You could see a crocodile (wandering) and Jazqa's ghost.


Message History

* * * LOW HITPOINT WARNING * * *
Unknown command.
Okay, then.
You feel much better. Jazqa's ghost hits you!
* * * LOW HITPOINT WARNING * * *
You feel drained.
* * * LOW HITPOINT WARNING * * *
Unknown command.
Okay, then.
Use which ability? (? or * to list)
You fail to use your ability.
Jazqa's ghost misses you.
Okay, then.
Use which ability? (? or * to list)
Okay, then.
As you read the scroll of teleportation {@r4}, it crumbles to dust.
You feel strangely unstable. Jazqa's ghost misses you. You furiously retaliate!
You headbutt Jazqa's ghost, but do no damage.
The porcupine closely misses you. You furiously retaliate!
You headbutt the porcupine!!
You kill the porcupine!
Cheibriados thoroughly appreciates the change of pace.
You block Jazqa's ghost's attack.
Your surroundings suddenly seem different.
Found a fan of gales and a plate armour.
Unknown command.
Jazqa's ghost ripples.
A crocodile comes into view.
Jazqa's ghost hits you!!
You die...

Skill      XL: |  1  2  3  4  5  6  7  8  9 10 11 |
---------------+----------------------------------+-----
Maces & Flails | 4 5 6 7 9 10 11 | 11.5
Fighting       | 4 5 6 7 8 10 11 | 11.2
Dodging        | 4 5 6 7 8 9 10 | 10.5
Shields        | 1 2 4 |  4.5
Invocations    | 1 3 5 6 8 |  8.1
Armour         | 1 3 5 7 9 |  9.4
Stealth        | |  1.5

Action                   |  1- 3 |  4- 6 |  7- 9 | 10-12 || total
-------------------------+-------+-------+-------+-------++-------
Melee: Mace              |    64 |   148 |    23 |       ||   235
       Headbutt          |     9 |    33 |    60 |   118 ||   220
       Morningstar       |       |       |   159 |   296 ||   455
Invok: Bend Time         |       |       |     1 |    10 ||    11
       Slouch            |       |       |       |     1 ||     1
  Use: Scroll            |     2 |     6 |     8 |     5 ||    21
       Potion            |       |     1 |     1 |     1 ||     3
 Stab: Sleeping          |     4 |     3 |     6 |     7 ||    20
       Distracted        |       |     1 |     1 |     1 ||     3
  Eat: Chunk             |       |     4 |     6 |    13 ||    23
Armor: Robe              |     1 |       |       |       ||     1
       Leather armour    |    20 |    36 |     8 |       ||    64
       Scale mail        |       |       |    42 |   107 ||   149
Dodge: Dodged            |    64 |   103 |   138 |   294 ||   599
Block: Buckler           |       |    15 |    49 |   115 ||   179

Vault maps used:
D:1:      scummos_arrival_star, st_stairs_8
D:2:      first_bread
D:3:      wad_river_or_something, chequers_temple_overflow_statue_of_worship,
          marbit_many_paths, minmay_surrounded, uniq_sigmund
D:5:      lemuel_doored_altar, serial_glass, glass_columns_a, glass_columns_c,
          item_on_display_a
D:6:      overflow_temple_1_default
D:7:      fiery_altar_vehumet, temple_green, serial_shops,
          nicolae_shop_temple_entry_statues_fountains
D:8:      basic_altar, the_bakery
D:9:      grunt_temple_overflow_opulence, chequers_temple_overflow_minitemple,
          zombieorc2_lemuel, serial_shops, shop, shop, hangedman_tree_tricks
D:10:     minmay_lair_entry_lava, nicolae_gozag_seed_capital, uniq_gastronok
Lair:1:   beast_lair_carwin_10
Lair:2:   nicolae_swamp_entry_splash_gauntlet, st_stairs_11, uniq_nergalle

Notes
Turn   | Place    | Note
-------+----------+-------------------------------------------
     0 | D:1      | Jazqa the Minotaur Monk began the quest for the Orb.
     0 | D:1      | Reached XP level 1. HP: 19/19 MP: 0/0
   161 | D:1      | Reached XP level 2. HP: 23/27 MP: 1/1
   332 | D:1      | Reached skill level 4 in Maces & Flails
   550 | D:2      | Reached skill level 4 in Fighting
   550 | D:2      | Reached skill level 4 in Dodging
   550 | D:2      | Reached XP level 3. HP: 33/33 MP: 2/2
   890 | D:2      | Reached XP level 4. HP: 36/41 MP: 3/3
  1506 | D:3      | Noticed a bullfrog
  1512 | D:3      | Killed a bullfrog
  1512 | D:3      | Reached skill level 5 in Fighting
  1512 | D:3      | Reached skill level 5 in Maces & Flails
  1512 | D:3      | Reached XP level 5. HP: 41/48 MP: 4/4
  1521 | D:3      | Found a deep blue altar of Sif Muna.
  1522 | D:3      | Found a white marble altar of Elyvilon.
  1522 | D:3      | Found a basalt altar of Yredelemnul.
  1523 | D:3      | Found a snail-covered altar of Cheibriados.
  1758 | D:3      | Reached skill level 5 in Dodging
  1846 | D:3      | Became a worshipper of Cheibriados the Contemplative
  1846 | D:3      | Reached * piety under Cheibriados
  1846 | D:3      | Reached ** piety under Cheibriados
  2168 | D:3      | Noticed Sigmund
  2190 | D:3      | Killed Sigmund
  2190 | D:3      | Reached XP level 6. HP: 26/57 MP: 5/5
  2358 | D:3      | Found a burning altar of Makhleb.
  2504 | D:3      | Reached skill level 6 in Maces & Flails
  2588 | D:4      | Reached skill level 6 in Fighting
  2588 | D:4      | Reached skill level 1 in Shields
  2689 | D:4      | Reached XP level 7. HP: 62/63 MP: 6/6
  2925 | D:4      | Reached *** piety under Cheibriados
  2940 | D:4      | Reached skill level 6 in Dodging
  2940 | D:4      | Reached skill level 2 in Shields
  3247 | D:4      | Reached skill level 1 in Invocations
  3539 | D:5      | Entered Level 5 of the Dungeon
  3612 | D:5      | Reached skill level 1 in Armour
  3843 | D:5      | Reached XP level 8. HP: 71/71 MP: 8/8
  3916 | D:5      | Reached skill level 3 in Shields
  3968 | D:5      | Found a stormy altar of Qazlal.
  4157 | D:5      | Reached skill level 7 in Maces & Flails
  4157 | D:5      | Reached skill level 2 in Armour
  4157 | D:5      | Reached skill level 2 in Invocations
  4254 | D:6      | Found a shadowy altar of Dithmenos.
  4307 | D:6      | Reached **** piety under Cheibriados
  4441 | D:6      | Reached skill level 7 in Fighting
  4682 | D:6      | Reached skill level 3 in Armour
  4683 | D:6      | Reached skill level 3 in Invocations
  4700 | D:6      | Reached skill level 4 in Shields
  4864 | D:7      | Found Zarghot's Distillery.
  4871 | D:7      | Found a radiant altar of Vehumet.
  4883 | D:7      | Bought a potion of might for 52 gold pieces
  4911 | D:7      | Reached ***** piety under Cheibriados
  4959 | D:7      | Reached skill level 7 in Dodging
  5057 | D:7      | Reached XP level 9. HP: 79/79 MP: 10/10
  5111 | D:7      | Reached skill level 4 in Armour
  5113 | D:7      | Reached skill level 8 in Maces & Flails
  5336 | D:7      | Reached skill level 4 in Invocations
  5342 | D:7      | Found a staircase to the Ecumenical Temple.
  5637 | D:8      | Reached skill level 8 in Fighting
  5661 | D:8      | Reached skill level 5 in Armour
  5739 | D:8      | Found a shimmering altar of Xom.
  5874 | D:8      | Noticed a two-headed ogre
  5905 | D:8      | Killed a two-headed ogre
  5905 | D:8      | Reached skill level 9 in Maces & Flails
  5905 | D:8      | Reached skill level 8 in Dodging
  5905 | D:8      | Reached skill level 5 in Invocations
  5918 | D:8      | Reached XP level 10. HP: 81/90 MP: 10/12
  6198 | D:9      | Got a bloodstained buckler
  6209 | D:9      | Identified the +1 buckler of the Merchant {rElec Int+2 Stlth+} (You found it on level 9 of the Dungeon)
  6231 | D:9      | Found a sparkling altar of Nemelex Xobeh.
  6232 | D:9      | Found an opulent altar of Gozag.
  6283 | D:9      | Found a staircase to the Orcish Mines.
  6299 | D:9      | Reached skill level 9 in Fighting
  6307 | D:9      | Reached skill level 6 in Armour
  6479 | D:9      | Found Koewenei's Food Shoppe.
  6547 | D:9      | Reached ****** piety under Cheibriados
  6581 | D:9      | Found a blossoming altar of Fedhas.
  6583 | D:9      | Noticed an oklob plant
  6583 | D:9      | Noticed an oklob plant
  6629 | D:9      | Noticed a two-headed ogre
  6637 | D:9      | Killed a two-headed ogre
  6637 | D:9      | Reached skill level 6 in Invocations
  6761 | D:9      | Found Leill's Antique Weapon Shoppe.
  6846 | D:9      | Found a shattered altar of Ashenzari.
  6846 | D:9      | Found a blossoming altar of Fedhas.
  6851 | D:9      | Found an ancient bone altar of Kikubaaqudgha.
  6853 | D:9      | Found a glowing golden altar of the Shining One.
  6854 | D:9      | Found a hazy altar of Hepliaklqana.
  6940 | D:9      | Reached skill level 7 in Armour
  6940 | D:9      | Reached skill level 9 in Dodging
  7001 | D:10     | Entered Level 10 of the Dungeon
  7003 | D:10     | Found an opulent altar of Gozag.
  7137 | D:10     | Noticed Rhok's ghost (novice VSAs)
  7147 | D:10     | Killed Rhok's ghost
  7147 | D:10     | Reached skill level 10 in Maces & Flails
  7297 | D:10     | Found a staircase to the Lair.
  7320 | D:10     | Noticed a two-headed ogre
  7332 | D:10     | Killed a two-headed ogre
  7332 | D:10     | Reached skill level 10 in Fighting
  7332 | D:10     | Reached XP level 11. HP: 71/99 MP: 10/15
  7635 | D:10     | Reached skill level 7 in Invocations
  7718 | D:10     | Killed an unseen horror
  7718 | D:10     | Reached skill level 8 in Armour
  7828 | Lair:1   | Entered Level 1 of the Lair of Beasts
  8516 | Lair:1   | Reached skill level 10 in Dodging
  8735 | Lair:1   | Reached skill level 11 in Maces & Flails
  8811 | Lair:2   | Noticed p0werm0de's ghost (journeyman DsBe)
  8831 | Lair:2   | Killed p0werm0de's ghost
  9015 | Lair:2   | Noticed Nergalle
  9017 | Lair:2   | Reached skill level 9 in Armour
  9024 | Lair:2   | Reached skill level 11 in Fighting
  9031 | Lair:2   | Killed Nergalle
  9031 | Lair:2   | Reached skill level 8 in Invocations
  9155 | Lair:2   | Noticed a six-headed hydra
  9155 | Lair:2   | Noticed Rhok's ghost (journeyman DsGl)
  9161 | Lair:2   | Killed a six-headed hydra
  9161 | Lair:2   | Reached XP level 12. HP: 104/110 MP: 13/17
  9214 | Lair:2   | Noticed Jazqa's ghost (journeyman HOMo)
  9238 | Lair:2   | HP: 10/110 [Jazqa's ghost (6)]
  9246 | Lair:2   | Slain by Jazqa's ghost

Vanquished Creatures
  The ghost of p0werm0de the Cleaver, a journeyman DsBe of Trog (Lair:2)
  A hydra (Lair:2)
  3 two-headed ogres
  Nergalle (Lair:2)
  The ghost of Rhok the Grappler, a novice VSAs of the Shining One (D:10)
  An unseen horror (D:10)
  4 elephants (Lair:2)
  A spiny frog (Lair:1)
  A gargoyle (D:10)
  A rime drake (Lair:1)
  7 komodo dragons
  4 hippogriffs
  A spriggan (D:8)
  Sigmund (D:3)
  2 wyverns
  A hungry ghost (D:10)
  A water moccasin (Lair:1)
  2 hell hounds (D:10)
  2 porcupines (Lair:2)
  4 ice beasts
  8 orc warriors
  3 phantoms (D:9)
  2 wolves (Lair:1)
  3 sky beasts
  3 ogres (D:9)
  3 centaurs
  3 crocodiles (Lair:1)
  A big kobold (D:9)
  4 bullfrogs
  5 scorpions
  A troll zombie (D:9)
  8 howler monkeys
  3 crimson imps
  3 quasits
  A jelly (D:10)
  5 orc priests
  2 centaur skeletons
  4 hounds
  15 orc wizards
  2 iguanas
  A bullfrog skeleton (D:5)
  10 worker ants
  A killer bee zombie (D:10)
  7 ogre zombies (D:9)
  A hound skeleton (D:8)
  A howler monkey zombie (D:8)
  A worker ant zombie (D:9)
  8 gnolls
  16 adders
  3 shadow imps
  An ooze (D:5)
  An adder zombie (D:5)
  2 adder skeletons
  6 worms
  3 dart slugs
  9 leopard geckos
  33 orcs
  4 giant cockroaches
  6 goblins
  7 hobgoblins
  27 jackals
  5 quokkas
  A ball python (D:3)
  11 bats
  6 frilled lizards
  2 goblin skeletons (D:9)
  3 goblin zombies (D:9)
  3 hobgoblin zombies (D:9)
  9 kobolds
  A leopard gecko zombie (D:5)
  2 orc skeletons (D:9)
  15 orc zombies
  4 rats
329 creatures vanquished.

Vanquished Creatures (others)
  A bullfrog skeleton (D:7)
1 creature vanquished.

Grand Total: 330 creatures vanquished
